 Dungeon Crawl Stone Soup version 0.30-a0-174-gbc10bd73c2 (webtiles) character file.

Game seed: 8113969054512931180

56 qw the Chopper (level 3, -6/23 HPs)
             Began as a Gargoyle Fighter on Oct 1, 2022.
             Mangled by a gnoll sergeant
             ... wielding a +3 vampiric spear
              (12 damage)
             ... on level 3 of the Dungeon.
             The game lasted 00:00:40 (1199 turns).

qw the Chopper (Gargoyle Fighter)                   Turns: 1199, Time: 00:00:41

Health: -6/23      AC: 10    Str: 21    XL:     3   Next: 95%
Magic:  3/3        EV:  9    Int:  8    God:
Gold:   140        SH:  4    Dex:  9    Spells: 2/2 levels left

rFire   . . .      SeeInvis .    Y - +0 war axe
rCold   . . .      Faith    .    c - +0 buckler
rNeg    + . .      Spirit   .    b - +0 scale mail
rPois   inf        Reflect  .    (no helmet)
rElec   +          Harm     .    (no cloak)
rCorr   +          Rampage  .    (no gloves)
Will    .....                    (no boots)
Stlth   ..........               (no amulet)
HPRegen 0.23/turn                i - ring of resist corrosion
MPRegen 0.08/turn                (no ring)

@: no status effects
A: sickness immunity, AC +3, negative energy resistance 1, electricity
resistance, torment resistance 1, petrification resistance
a: no special abilities


You were on level 3 of the Dungeon.
You visited 1 branch of the dungeon, and saw 3 of its levels.

You collected 140 gold pieces.


Innate Abilities, Weirdness & Mutations

You are immune to sickness and miasma.
Your stone body is resilient. (AC +3)
You are immune to poison.
You resist negative energy. (rN+)
You are resistant to electric shocks. (rElec)
You are resistant to unholy torment.
You are immune to petrification.


   Skills:
 - Level 3.2 Fighting
 + Level 3.7 Axes
 - Level 3.2 Armour
 - Level 3.2 Shields


You had 2 spell levels left.
You didn't know any spells.
Your spell library was empty.

Inventory:

Hand Weapons
 e - a +0 whip
 Y - a +0 war axe (weapon)
Armour
 b - a +0 scale mail (worn)
 c - a +0 buckler (worn)
Jewellery
 i - a ring of resist corrosion (left hand)
Scrolls
 a - a scroll of enchant armour
 g - a scroll of identify
Potions
 d - 2 potions of might
 f - 2 potions of curing
 h - a potion of ambrosia {unknown}

Dungeon Overview and Level Annotations

Branches:
Dungeon (3/15)

Altars:


Message History

The quokka moves out of view.
The gnoll hits you with a +0 spear. The gnoll sergeant closely misses you.
You hit the gnoll but do no damage. You block the gnoll's attack.
The gnoll sergeant hits you from afar with a +3 vampiric spear.
You barely miss the gnoll. The gnoll hits you but does no damage.
The gnoll sergeant hits you from afar with a +3 vampiric spear.
You completely miss the gnoll. The gnoll barely misses you.
The gnoll sergeant hits you from afar with a +3 vampiric spear!
1195 ||| DRINKING potion of heal wounds.
You feel much better. The gnoll hits you but does no damage.
The gnoll sergeant barely misses you. The quokka completely misses you.
You slash the gnoll!
The gnoll is heavily wounded.
You barely miss the quokka. The quokka closely misses you.
The gnoll misses you.
The gnoll sergeant hits you from afar with a +3 vampiric spear.
You block the quokka's attack. The gnoll hits you with a +0 spear.
The gnoll sergeant hits you but does no damage.
You barely miss the gnoll.
The gnoll is heavily wounded.
You hit the quokka. You block the quokka's attack.
The gnoll hits you with a +0 spear. The gnoll sergeant closely misses you.
The quokka closely misses you.
You hit the gnoll.
The gnoll is severely wounded.
You hit the quokka. The gnoll hits you but does no damage.
You block the gnoll sergeant's attack. The quokka barely misses you.
You block the gnoll's attack.
The gnoll sergeant hits you from afar with a +3 vampiric spear!
You hit the quokka.
You kill the quokka!
You hit the gnoll but do no damage. The gnoll hits you but does no damage.
The gnoll sergeant hits you from afar with a +3 vampiric spear!
Ouch! That really hurt!
You die...

## #. ..
..####.#####.###
........<.......
....##....#.....
....##..#.# ...
.....w..#.# .
.>....#@#.#
#.###.#g#.. #
#.#g### #


$gg ... ..... ..... ##..... You could see a gnoll sergeant, a worm and 3 gnolls.

Vanquished Creatures
  An adder (D:2)
  2 worms (D:2)
  A dart slug (D:2)
  4 endoplasms
  2 giant cockroaches (D:1)
  5 goblins
  2 hobgoblins (D:1)
  3 kobolds
  6 quokkas
  5 ball pythons
  A bat (D:2)
  2 frilled lizards
  3 rats
37 creatures vanquished.

Notes
Turn   | Place    | Note
-------+----------+-------------------------------------------
     0 | D:1      | qw the Gargoyle Fighter began the quest for the Orb.
     0 | D:1      | Reached XP level 1. HP: 14/14 MP: 1/1
     0 | D:1      | 0 ||| qw: Version: 0.2-a-13-gfc7b4b4
     0 | D:1      | 0 ||| qw: Game counter: 1846
     0 | D:1      | 0 ||| qw: Always use a shield: true
     0 | D:1      | 0 ||| qw: God list: Okawaru
     0 | D:1      | 0 ||| qw: Allow faded altars: false
     0 | D:1      | 0 ||| qw: Do Orc after D:15 true
     0 | D:1      | 0 ||| qw: Do second Lair branch before Depths: true
     0 | D:1      | 0 ||| qw: Lair rune preference: random
     0 | D:1      | 0 ||| qw: Plans: Normal, Zot:1-4, God:TSO, Crypt, Tomb,
                  | Pan, Slime:5, Hells, Abyss, Orb
     0 | D:1      | 0 ||| PLANNING D:1-11
    67 | D:1      | Found a faded altar of an unknown god.
   148 | D:1      | Reached XP level 2. HP: 16/19 MP: 2/2
   233 | D:1      | 233 ||| Stepping ~*~*~tactically~*~*~ (stealth).
   236 | D:1      | 236 ||| Stepping ~*~*~tactically~*~*~ (stealth).
   237 | D:1      | 237 ||| Stepping ~*~*~tactically~*~*~ (stealth).
   404 | D:1      | 404 ||| Stepping ~*~*~tactically~*~*~ (stealth).
   411 | D:1      | Reached skill level 3 in Axes
   561 | D:1      | 561 ||| DROPPING +6 ring of intelligence.
   562 | D:1      | 562 ||| DROPPING ring of wizardry.
   563 | D:1      | 563 ||| UPGRADING to ring of resist corrosion.
   564 | D:1      | 564 ||| READING scroll labelled KAOF LUK PUDOSCH.
   565 | D:1      | 565 ||| DRINKING 2 viscous silvery potions.
   620 | D:2      | Reached XP level 3. HP: 19/23 MP: 3/3
   717 | D:2      | 717 ||| DROPPING +0 club.
   756 | D:2      | 756 ||| Stepping ~*~*~tactically~*~*~ (stealth).
  1164 | D:2      | 1164 ||| READING 2 scrolls labelled CUENLA GYFUUHE.
  1165 | D:2      | 1165 ||| READING 2 scrolls labelled ZIZUSA QI JAI.
  1166 | D:2      | 1166 ||| DRINKING 3 metallic purple potions.
  1189 | D:3      | Noticed a gnoll sergeant
  1194 | D:3      | HP: 5/23 [gnoll sergeant/+3 vampiric spear (11)]
  1195 | D:3      | 1195 ||| DRINKING potion of heal wounds.
  1199 | D:3      | Mangled by a gnoll sergeant

Levels and vault maps discovered:
D:1:      minmay_arrival_three_doors, layout_rooms,
          dreamdust_ecumenical_altar_statues
D:2:      layout_rooms
D:3:      minmay_spotlight, layout_basic, nicolae_vehumet_altar_sigil,
          st_stairs_4, uniq_sigmund

Skill      XL: |  1  2 |
---------------+-------+-----
Axes           | 2 3 |  3.7
Fighting       | |  3.2
Armour         | |  3.2
Shields        | |  3.2

Action                   || total
-------------------------++-------
Melee: War axe           ||   138
  Use: Scroll            ||     3
       Potion            ||     3
Armor: Scale mail        ||    75
Dodge: Dodged            ||    64
Block: Buckler           ||    30

Table legend:
 A = Non-vault XP
 B = Vault XP
 C = Vault XP percentage of total XP
 D = Non-vault monster count
 E = Vault monster count
 F = Vault count percentage of total count
                 A         B        C        D         E       F
            +---------+---------+-------+---------+---------+-------
      Total |      82 |       0 |   0.0 |      37 |       0 |   0.0
            +---------+---------+-------+---------+---------+-------
        D:1 |      31 |       0 |   0.0 |      18 |       0 |   0.0
        D:2 |      49 |       0 |   0.0 |      18 |       0 |   0.0
        D:3 |       2 |       0 |   0.0 |       1 |       0 |   0.0
            +---------+---------+-------+---------+---------+-------
